 Dungeon Crawl Stone Soup version 0.27.0-1-g7a089689b8 (webtiles) character file.

Game seed: 7193469279210049915

0 Brandom the Caller (level 1, -1/13 HPs)
             Began as a Merfolk Summoner on Aug 11, 2021.
             Slain by a kobold (2 damage)
             ... on level 1 of the Dungeon.
             The game lasted 00:00:43 (92 turns).

Brandom the Caller (Merfolk Summoner)                 Turns: 92, Time: 00:00:43

Health: -1/13      AC:  2    Str:  8    XL:     1   Next: 10%
Magic:  1/3        EV: 12    Int: 14    God:
Gold:   0          SH:  0    Dex: 14    Spells: 3/4 levels left

rFire    . . .     SeeInvis .   c - +0 dagger
rCold    . . .     Faith    .   (no shield)
rNeg     . . .     Spirit   .   a - +0 robe
rPois    .         Reflect  .   (no helmet)
rElec    .         Harm     .   (no cloak)
rCorr    .         Rampage  .   (no gloves)
Will     .....                  (no boots)
Stlth    ++........             (no amulet)
HPRegen  0.04/turn              (no ring)
MPRegen  0.08/turn              (no ring)

@: no status effects
A: (nimble swimmer 2), mertail
a: no special abilities


You were on level 1 of the Dungeon.
You visited 1 branch of the dungeon, and saw 1 of its levels.

Inventory:

Hand Weapons
 c - a +0 dagger (weapon)
   (You took it off a kobold on level 1 of the Dungeon)
Armour
 a - a +0 robe (worn)
Scrolls
 b - a scroll of identify {unknown}


   Skills:
 + Level 0.0 Fighting
 + Level 2.7 Dodging
 - Level 2.1 Stealth
 - Level 2.0 Spellcasting
 + Level 4.0 Summonings


You had 3 spell levels left.
You knew the following spells:

 Your Spells              Type           Power      Damage    Failure   Level
a - Summon Small Mammal   Summ           48%        N/A       4%          1

Your spell library contained the following spells:

 Spells                   Type           Power      Damage    Failure   Level
 Call Imp                 Summ           12%        N/A       7%          2
 Call Canine Familiar     Summ           12%        N/A       14%         3
 Summon Guardian Golem    Hex/Summ       7%         N/A       30%         3
 Summon Lightning Spire   Summ/Air       7%         N/A       71%         4


Dungeon Overview and Level Annotations

Branches:
Dungeon (1/15)

Altars:


Innate Abilities, Weirdness & Mutations

((You are quick and stealthy near water. (Stealth+, EV+, Speed+++)))
Your lower body shifts to a powerful aquatic tail in water.


Message History

Your bat disappears in a puff of smoke!
The hobgoblin hits you.
* * * LOW HITPOINT WARNING * * *
The kobold hits you but does no damage. The hobgoblin barely misses you.
Your bat closely misses the hobgoblin.
The hobgoblin barely misses you.
Your bat hits the hobgoblin.
You see here a puce potion.
Your bat hits the kobold.
The kobold hits your bat with a +0 dagger.
Your bat closely misses the kobold.
The kobold hits your bat with a +0 dagger.
Your bat dies!
Your bat's corpse disappears in a puff of smoke!
The kobold shouts!
There is a stone staircase leading down here.
The hobgoblin hits you.
* * * LOW HITPOINT WARNING * * *
Unknown command.
The hobgoblin closely misses your bat. The hobgoblin barely misses you.
Unknown command.
Your bat closely misses the hobgoblin.
You see here a kobold corpse.
Your bat hits the hobgoblin. The hobgoblin closely misses your bat.
The hobgoblin closely misses you.
Unknown command.
Your bat closely misses the hobgoblin.
You swap places.
Your bat barely misses the hobgoblin.
Your bat barely misses the kobold.
Your rat bites the hobgoblin but does no damage.
The hobgoblin hits your rat.
You miscast Summon Small Mammal.
You are very lightly contaminated with residual magic.
Nothing appears to happen.
Your bat hits the kobold.
Your bat hits the hobgoblin but does no damage.
The hobgoblin hits your rat.
Your rat dies!
Your rat's corpse disappears in a puff of smoke!
Unknown command.
Unknown command.
Your bat barely misses the kobold.
Your bat barely misses the hobgoblin.
Your bat closely misses the hobgoblin.
Your bat hits the hobgoblin but does no damage.
Your bat misses the hobgoblin. The kobold hits you with a +0 dagger.
* * * LOW HITPOINT WARNING * * *
The hobgoblin misses something.
Your magical contamination has completely faded away.
Your bat closely misses the hobgoblin.
The kobold hits you with a +0 dagger.
You die...

#⌠...⌠# #....## ...
#..<..# ###.....## ..
#.....# #..†.....##.
..
#..>..####...........
#
##⌠...⌠#....b......###
##.######.####.....##
#.#######..# #.g..##
##.##§.....# ##g###
#.#.§≈§.@.# #.#
##...§§..K####.#
###......g..gb#
#############


You could see a hobgoblin and a kobold.

Vanquished Creatures (collateral kills)
  A kobold (D:1)
1 creature vanquished.

Notes
Turn   | Place    | Note
-------+----------+-------------------------------------------
     0 | D:1      | Brandom the Merfolk Summoner began the quest for the Orb.
     0 | D:1      | Reached XP level 1. HP: 13/13 MP: 3/3
    92 | D:1      | Slain by a kobold

Illustrated notes

Levels and vault maps discovered:
D:1:      amcnicky_arrival_gap_in_the_tavern_cellar, layout_loops_ring,
          corexii_corridor_pit, chequers_serial_rivers_micro_d

Action                   || total
-------------------------++-------
Melee: Dagger            ||     3
       Unarmed           ||     1
 Cast: Summon Small Mamm ||     5
Armor: Robe              ||     1
Dodge: Dodged            ||     6
